 Dungeon Crawl Stone Soup version 0.19.1 (webtiles) character file.

163 ChaseSP the Chopper (level 5, -8/41 HPs)
             Began as a Formicid Fighter on Nov 27, 2016.
             Mangled by a crocodile (11 damage)
             ... in a sewer.
             The game lasted 00:03:46 (1689 turns).

ChaseSP the Chopper (Formicid Fighter)              Turns: 1689, Time: 00:03:48

Health: -8/41      AC:  9    Str: 26    XL:     5   Next: 73%
Magic:  5/5        EV:  8    Int:  7    God:
Gold:   81         SH: 10    Dex: 11    Spells: 0 memorised, 4 levels left

rFire  . . .     SeeInvis +     a - +0 war axe
rCold  . . .     Gourm    .     b - +0 scale mail
rNeg   . . .     Faith    .     c - +0 shield
rPois  .         Spirit   .     (helmet unavailable)
rElec  .         Reflect  .     p - +0 cloak
rCorr  .         Harm     .     (no gloves)
MR     .....                    q - +0 pair of boots
Stlth  ..........               j - amulet of magic regeneration
                                (no ring)
                                r - ring of see invisible

@: mighty
A: permanent stasis, dig shafts and tunnels, four strong arms, antennae 3
a: Dig, Shaft Self


You were in a sewer.
You were not hungry.

You visited 1 branch of the dungeon, and saw 3 of its levels.
You also visited: Sewer.

You collected 81 gold pieces.

Inventory:

Hand Weapons
 a - a +0 war axe (weapon)
Missiles
 n - 58 bolts
Armour
 b - a +0 scale mail (worn)
 c - a +0 shield (worn)
 p - a +0 cloak (worn)
 q - a +0 pair of boots (worn)
Jewellery
 j - an amulet of magic regeneration (around neck)
 r - a ring of see invisible (left hand)
 y - an uncursed amulet of rage {unknown}
Scrolls
 e - 2 scrolls of identify {unknown}
 k - a scroll of enchant weapon {unknown}
 l - 3 scrolls of enchant armour {unknown}
 m - a scroll of immolation {unknown}
 s - 2 scrolls of remove curse {unknown}
 t - a scroll of teleportation {unknown}
 u - a scroll of amnesia {unknown}
 v - 3 scrolls of blinking {unknown}
 x - a scroll of magic mapping {unknown}
Potions
 h - a potion of heal wounds {unknown}
 i - a potion of agility {unknown}
 o - a potion of brilliance {unknown}
 z - a potion of curing {unknown}
Comestibles
 f - 4 bread rations
 g - 2 meat rations
 w - 2 chunks of flesh


   Skills:
 - Level 3.2 Fighting
 * Level 5.5 Axes
 - Level 3.2 Armour
 - Level 3.6 Shields


You had 4 spell levels left.
You didn't know any spells.

Dungeon Overview and Level Annotations

Branches:
Dungeon (3/15)

Altars:
Uskayaw
The Shining One


Innate Abilities, Weirdness & Mutations

You are under a permanent stasis effect.
You can dig through walls and to a lower floor.
Your four strong arms can wield two-handed weapons with a shield.
You have a pair of large antennae on your head. (SInv)


Message History

No target in view!
No target in view!
A crocodile comes into view.
A crocodile is nearby!
You slash the crocodile!
The crocodile is heavily wounded.
The crocodile bites you!
You hit the crocodile but do no damage.
The crocodile is heavily wounded.
The crocodile bites you!
* * * LOW HITPOINT WARNING * * *
The crocodile bites you!
* * * LOW HITPOINT WARNING * * *
You are too injured to fight recklessly!
Unknown command.
You aren't carrying any items that you can evoke.
Unknown command.
You feel very mighty all of a sudden. The crocodile bites you!
You die...

##...## ##.## #.#
#.# #.# . #.# ...
#.#
.....####.#######
......t@.........
.....############
... .


You could see a crocodile.

Vanquished Creatures
  Terence (D:3)
  Jessica (D:3)
  3 adders (D:2)
  3 dart slugs
  5 leopard geckos
  An orc (D:3)
  2 ball pythons
  9 giant cockroaches
  7 goblins
  2 hobgoblins (D:1)
  3 jackals (D:3)
  15 bats
  2 frilled lizards
  7 kobolds
  9 rats
70 creatures vanquished.

Notes
Turn   | Place    | Note
-------+----------+-------------------------------------------
     0 | D:1      | ChaseSP the Formicid Fighter began the quest for the Orb.
     0 | D:1      | Reached XP level 1. HP: 18/18 MP: 1/1
   280 | D:1      | Reached XP level 2. HP: 21/24 MP: 2/2
   362 | D:1      | Reached skill level 3 in Axes
   622 | D:1      | Reached XP level 3. HP: 29/29 MP: 3/3
   932 | D:2      | Reached XP level 4. HP: 27/35 MP: 4/4
   988 | D:2      | Noticed a dagger
  1023 | D:2      | Found a hide-covered altar of Uskayaw.
  1031 | D:2      | Reached skill level 4 in Axes
  1069 | D:2      | Noticed a hand axe
  1310 | D:3      | Noticed Terence
  1319 | D:3      | Killed Terence
  1319 | D:3      | Reached XP level 5. HP: 39/41 MP: 5/5
  1337 | D:3      | Noticed Jessica
  1345 | D:3      | Killed Jessica
  1345 | D:3      | Reached skill level 5 in Axes
  1391 | D:3      | Found a glowing golden altar of the Shining One.
  1622 | D:3      | Found a glowing drain.
  1638 | Sewer    | Entered a sewer
  1682 | Sewer    | Noticed a crocodile
  1689 | Sewer    | Mangled by a crocodile

Skill      XL: |  1  2  3  4  5 |
---------------+----------------+-----
Axes           | 3 4 5 |  5.5
Fighting       | |  3.2
Armour         | |  3.2
Shields        | |  3.6

Action                   |  1- 3 |  4- 6 || total
-------------------------+-------+-------++-------
Melee: War axe           |   107 |   105 ||   212
 Abil: Dig               |       |     1 ||     1
  Use: Potion            |       |     1 ||     1
  Eat: Chunk             |       |     3 ||     3
Armor: Scale mail        |    49 |    92 ||   141
Dodge: Dodged            |    44 |    48 ||    92
Block: Shield            |    68 |    71 ||   139
